 Dungeon Crawl Stone Soup version 0.21.1-1-g345015fe64 (webtiles) character file.

601137 Oravi the Hoplite (level 27, -22/203 HPs)
             Began as a Halfling Hunter on Apr 18, 2018.
             Was a High Priest of Okawaru.
             Annihilated by an azure jelly (28 damage)
             ... created by the Royal Jelly
             ... on level 5 of the Pits of Slime on Apr 19, 2018.
             The game lasted 10:29:54 (90255 turns).

Oravi the Hoplite (Halfling Hunter)                Turns: 90255, Time: 10:29:55

Health: -22/203    AC: 25    Str: 32    XL:     27
Magic:  22/26      EV: 47    Int: 12    God:    Okawaru [*****.]
Gold:   7609       SH: 32    Dex: 32    Spells: 26/26 levels left

rFire    + . .     SeeInvis .   b - +7 captain's cutlass {speed, disarm}
rCold    . . .     Gourm    .   N - +5 shield {AC+3}
rNeg     + + .     Faith    .   c - +6 acid dragon scales
rPois    +         Spirit   .   M - +5 helmet "Vuicw" {rElec}
rElec    +         Reflect  +   w - +2 cloak
rCorr    +         Harm     .   u - +2 pair of gloves {Str+3}
MR       +++..                  G - +2 pair of boots of Divine Compulsion {rPois rN+ Str+2 Dex+2}
Stlth    +++++.....             t - +5 amulet of reflection
HPRegen  0.43/turn              e - ring "Amenn" {*Drain rPois rN+ Str+4 Slay+5}
MPRegen  0.20/turn              T - ring "Xietung" {+Fly MR+ Int+3}

@: mighty, agile, about to teleport, heroism, finesse, corroded
A: small, talons 1, agile 1, fire resistance 1, low mp 1, mutation resistance 1,
screaming 1, subdued magic 1
}: 3/15 runes: decaying, silver, gossamer
a: Heroism, Finesse, Renounce Religion, Evoke Flight


You were on level 5 of the Pits of Slime.
You worshipped Okawaru.
Okawaru was extremely pleased with you.
You were not hungry.

You visited 10 branches of the dungeon, and saw 50 of its levels.
You also visited: Trove and Sewer.

You collected 7985 gold pieces.
You spent 376 gold pieces at shops.

Inventory:

Hand Weapons
 a - a +11 fustibalus of electrocution
 b - the +7 captain's cutlass (weapon) {speed, disarm}
   (You took it off a fire giant on level 3 of the Depths)

   Attacks with this weapon are significantly faster.
 n - a +0 antimagic rapier
 r - the +6 short sword of Distant Worlds {flame, rElec rPois rN+ MR-}
   (Okawaru gifted it to you on level 5 of the Vaults)

   It has been specially enchanted to burn those struck by it, causing extra
   injury to most foes and up to half again as much damage against particularly
   susceptible opponents.
   It insulates you from electricity.
   It protects you from poison.
   It protects you from negative energy.
   It affects your resistance to hostile enchantments.
 J - a +3 rapier of venom
Missiles
 d - 698 sling bullets
 y - 46 stones (quivered)
Armour
 c - +6 acid dragon scales (worn)
 g - a +2 robe of magic resistance
 i - the +2 ring mail "Yfreturph" {Dex+9}
   (You found it on level 5 of the Lair of Beasts)

   It affects your dexterity (+9).
 u - a +2 pair of gloves of strength (worn)
 w - a +2 cloak (worn)
 x - a scarf of resistance
 G - the +2 pair of boots of Divine Compulsion (worn) {rPois rN+ Str+2 Dex+2}
   (You found it on level 3 of the Elven Halls)

   It affects your strength (+2).
   It affects your dexterity (+2).
   It protects you from poison.
   It protects you from negative energy.
 M - the +5 helmet "Vuicw" (worn) {rElec}
   (Okawaru gifted it to you on level 2 of the Elven Halls)

   It insulates you from electricity.
 N - a +5 shield of protection (worn)
Jewellery
 e - the ring "Amenn" (left hand) {*Drain rPois rN+ Str+4 Slay+5}
   (You found it on level 4 of the Spider Nest)

   [ring of strength]

   It affects your strength (+4).
   It affects your accuracy and damage with ranged weapons and melee attacks
   (+5).
   It protects you from poison.
   It protects you from negative energy.
   It causes draining when unequipped.
 t - a +5 amulet of reflection (around neck)
 A - the ring of Counta {rPois Str-4 Dex+9 Slay+3}
   (You took it off a deep elf death mage on level 3 of the Elven Halls)

   [ring of slaying]

   It affects your strength (-4).
   It affects your dexterity (+9).
   It affects your accuracy and damage with ranged weapons and melee attacks
   (+3).
   It protects you from poison.
 B - an uncursed ring of protection from fire
 R - an uncursed ring of see invisible
 T - the ring "Xietung" (right hand) {+Fly MR+ Int+3}
   (You took it off an orc priest on level 10 of the Dungeon)

   [ring of flight]

   It affects your intelligence (+3).
   It affects your resistance to hostile enchantments.
   It lets you fly.
 X - an uncursed ring of protection from cold
Wands
 p - a wand of digging (25)
Scrolls
 k - 3 scrolls of summoning
 o - 4 scrolls of fear
 s - 13 scrolls of teleportation
 v - 15 scrolls of blinking
 F - 6 scrolls of identify
 I - 4 scrolls of magic mapping
 L - 2 scrolls of holy word
 P - 27 scrolls of remove curse
 Q - 2 scrolls of silence
Potions
 h - 3 potions of agility
 j - 7 potions of ambrosia
 l - 5 potions of resistance
 z - 3 potions of berserk rage
 E - 4 potions of might
 V - 7 potions of curing
 Y - 4 potions of haste
Comestibles
 f - 70 rations


   Skills:
 + Level 20.7(25.7) Fighting
 + Level 17.1(22.1) Short Blades
 - Level 22.0(27) Slings
 * Level 19.6(24.6) Armour
 * Level 21.2(26.2) Dodging
 - Level 1.1(6.1) Stealth
 - Level 23.2(27) Shields
 - Level 8.0 Invocations
 - Level 0.2 Evocations


You had 26 spell levels left.
You didn't know any spells.

Dungeon Overview and Level Annotations

Branches:
Dungeon (15/15)            Temple (1/1) D:5            Lair (6/6) D:11
  Swamp (4/4) Lair:2       Spider (4/4) Lair:2        Slime (5/5) Lair:5
    Orc (2/2) D:11            Elf (3/3) Orc:2        Vaults (5/5) D:13
  Crypt (0/3) Vaults:3     Depths (5/5) D:15            Zot (0/5) Depths:5

Altars:
Ashenzari
Cheibriados
Dithmenos
Elyvilon
Fedhas
Gozag
Hepliaklqana
Kikubaaqudgha
Makhleb
Nemelex Xobeh
Okawaru
Qazlal
Ru
Sif Muna
Trog
Uskayaw
Vehumet
Wu Jian
Xom
Yredelemnul
Zin
The Shining One
Beogh
Jiyva
Lugonu

Shops:
D:4 *   D:5 :   D:9 (   Orc:2 (*[%   Elf:1 !   Vaults:1 *   Vaults:3 *
Vaults:4 (   Depths:3 *   Depths:5 (

Portals:
Hell: Depths:1 Depths:2 Depths:3 Depths:4 Depths:5
Abyss: Depths:4
Pandemonium: Depths:2 Depths:3
Ziggurat: Depths:5

Annotations:
D:1 fly


Innate Abilities, Weirdness & Mutations

You are small and have problems with some larger weapons.
You are somewhat resistant to further mutation.
You have sharp toenails.
You are agile. (Dex +2)
Your flesh is heat resistant. (rF+)
Your magical capacity is low. (-10% MP)
You occasionally shout uncontrollably at your foes.
Your spells are a little easier to cast, but a little less powerful.


Message History

The azure jelly hits you but does no damage.
The azure jelly completely misses you. You block the azure jelly's attack.
You impale the acid blob!!
Your hands burn!
* * * LOW HITPOINT WARNING * * *
The acid blob is severely wounded.
You block the death ooze's attack. x2; The acid blob hits you!!
* * * LOW HITPOINT WARNING * * *
You are splashed with acid!
The acid burns!
You resist.
* * * LOW HITPOINT WARNING * * *
As you read the scroll of teleportation, it crumbles to dust.
You feel strangely unstable. You block the azure jelly's attack.
The azure jelly completely misses you. x2; You block the azure jelly's attack.
The acid blob completely misses you. The acid blob hits you!
* * * LOW HITPOINT WARNING * * *
You are splashed with acid!
The acid burns!
You resist.
* * * LOW HITPOINT WARNING * * *
You block the azure jelly's attack. The azure jelly hits you.
* * * LOW HITPOINT WARNING * * *
The azure jelly freezes you!!
You die...

................................#
.................................
....................(............
.................................
.................................
.................................
................J................
...............JJJ...............
..............JJ@JJ..............
...............JJJ...............
...............JJJ...............
...........#......#..............
..........#####.#####............
.........## #..# ##...........
........## #.## #...........
......### #..# ###.........
......# ##.#= #.........


You could see 5 acid blobs, 5 azure jellies and 4 death oozes.

Vanquished Creatures
  the Royal Jelly (Slime:5)
  An ancient lich (Vaults:5)
  Mennas (Vaults:4)
  2 juggernauts (Depths:3)
  5 golden dragons
  Saint Roka (Orc:2)
  Arachne (Spider:2)
  6 liches
  6 tentacled monstrosities
  Asterion (Elf:1)
  A quicksilver dragon (Vaults:4)
  3 deep elf blademasters
  2 deep elf master archers (Elf:3)
  8 titans
  16 acid blobs
  5 thorn hunters
  8 tengu reavers
  Agnes (Spider:2)
  7 sphinxes
  8 storm dragons
  Kirke (Lair:6)
  6 shadow dragons
  12 azure jellies
  5 deep elf sorcerers
  11 fire giants
  13 frost giants
  An orc warlord (Orc:1)
  An iron dragon (shapeshifter) (Vaults:2)
  19 vault wardens
  3 ghost moths (Spider:4)
  17 ironheart preservers
  5 spriggan defenders
  A cacodemon (Depths:2)
  Aizul (Swamp:4)
  9 emperor scorpions
  A deep elf elementalist (Elf:3)
  2 iron dragons
  A draconian annihilator (Depths:5)
  A ghoul (Vaults:1)
  21 very ugly things
  A draconian shifter (Depths:5)
  5 war gargoyles
  18 stone giants
  A juggernaut skeleton (Depths:2)
  2 green draconians
  3 entropy weavers
  3 white draconians (Depths:5)
  A red draconian (Depths:5)
  3 vampire knights
  7 deep elf annihilators
  9 deep elf demonologists
  A yellow draconian (Depths:5)
  6 spark wasps
  20 ettins
  2 crystal guardians (Vaults:5)
  6 death oozes
  7 deep elf death magi
  The ghost of matti1234 the Jinx, a journeyman FoAM of Ru (Lair:1)
  11 fire dragons
  16 great orbs of eyes
  14 yaktaur captains
  4 rakshasas
  8 deep elf high priests
  31 vault guards
  9 ice dragons
  22 hydras
  2 ghost crabs (Swamp:3)
  2 catoblepae
  5 centaur warriors
  Erica (D:8)
  A two-headed ogre (shapeshifter) (Depths:2)
  A queen ant (Lair:2)
  5 alligators
  3 death yaks (Lair:6)
  6 death knights
  17 ogre magi
  10 tengu warriors
  46 two-headed ogres
  13 deep troll shamans
  11 deep troll earth magi
  39 dancing weapons
  3 vampire magi
  2 small abominations
  3 spriggan berserkers
  An orc high priest (Orc:2)
  22 deep elf knights
  A storm dragon zombie (Depths:2)
  7 hell knights (Depths:5)
  3 skeletal warriors
  A sixfirhy (Depths:3)
  An iron troll (Depths:3)
  A sun demon (Depths:2)
  2 shadow wraiths
  A titan skeleton (Vaults:4)
  33 deep trolls
  A storm dragon skeleton (Depths:2)
  2 spriggan druids
  An unseen horror (D:13)
  4 flayed ghosts
  6 wizards
  A shadow dragon zombie (Depths:2)
  4 glowing orange brains
  8 shambling mangroves
  A harpy (Vaults:5)
  A golden dragon skeleton (Depths:2)
  12 swamp dragons
  15 ironbrand convokers
  A phantasmal warrior (Vaults:5)
  3 lindwurms
  A shining eye (shapeshifter) (Vaults:5)
  A mana viper (shapeshifter) (Vaults:5)
  7 necromancers
  16 orc knights
  18 deep elf archers
  13 orb spiders
  A frost giant zombie (Depths:2)
  A harpy (shapeshifter) (Vaults:3)
  11 shining eyes
  34 ugly things
  9 orc sorcerers
  32 wolf spiders
  2 wolf spiders (shapeshifter)
  A salamander (Depths:1)
  53 deep elf magi
  5 cyclopes
  3 manticores
  An elephant (shapeshifter) (Depths:5)
  A moth of wrath (Spider:2)
  A black mamba (shapeshifter) (Depths:2)
  A water nymph (shapeshifter) (Depths:1)
  A stone giant zombie (Vaults:4)
  17 elephants
  3 eyes of devastation
  2 gargoyles
  17 vault sentinels
  A smoke demon (Depths:2)
  A torpor snail (shapeshifter) (Elf:3)
  8 centaur skeletons
  22 spiny frogs
  2 rime drakes
  5 spectral swamp worms (Depths:3)
  A human zombie (Vaults:4)
  2 hellions
  45 yaktaurs
  2 efreet
  2 kobold demonologists
  3 hellwings (Depths:1)
  4 freezing wraiths
  12 komodo dragons
  4 red devils
  2 ice devils
  11 demonic crawlers
  A queen bee (Spider:1)
  A jumping spider (shapeshifter) (Vaults:1)
  5 tengu conjurers
  2 queen bees (shapeshifter)
  A merfolk (D:10)
  A wind drake (shapeshifter) (Depths:3)
  29 jumping spiders
  A polar bear (Lair:4)
  A polar bear (shapeshifter) (Vaults:4)
  A wolf spider simulacrum (Vaults:1)
  5 trolls
  6 meliai
  33 hornets
  30 blink frogs
  150 slime creatures
  4 dream sheep (Lair:5)
  7 tyrant leeches
  A raiju (shapeshifter) (Vaults:2)
  7 hippogriffs
  3 bog bodies
  A snapping turtle (shapeshifter) (Elf:1)
  A fire giant simulacrum (Vaults:1)
  A dream sheep (shapeshifter) (Vaults:5)
  A stone giant simulacrum (Depths:2)
  A hippogriff (shapeshifter) (Depths:2)
  4 shadows
  4 wraiths
  31 tarantellas
  65 redbacks
  5 air elementals
  A tarantella (shapeshifter) (Depths:1)
  A hog (shapeshifter) (D:13)
  A wyvern (shapeshifter) (Depths:3)
  5 water elementals
  A vampire (D:10)
  A ynoxinul (Depths:3)
  39 yaks
  7 wyverns
  A basilisk (Lair:1)
  17 spriggans
  7 hogs
  19 golden eyes
  2 hungry ghosts
  A chaos spawn (Depths:2)
  24 vampire mosquitoes
  35 swamp worms
  8 wargs
  8 insubstantial wisps
  4 acid dragons
  7 soldier ants (Lair:2)
  13 water moccasins
  4 hell hounds (Depths:1)
  A floating eye (shapeshifter) (Vaults:2)
  3 floating eyes
  13 black bears
  11 porcupines
  An eye of draining (shapeshifter) (Vaults:3)
  48 orc warriors
  11 swamp drakes
  4 ice beasts
  6 sky beasts
  44 ogres
  3 phantoms
  6 eyes of draining
  20 boggarts
  4 centaurs
  9 crocodiles
  21 wolves
  2 big kobolds
  15 bullfrogs
  A gnoll sergeant (D:10)
  6 earth elementals
  A wyvern zombie (D:12)
  A water moccasin skeleton (D:8)
  22 killer bees
  6 scorpions
  An elf simulacrum (Vaults:4)
  A tengu skeleton (Depths:2)
  5 wights (D:13)
  17 electric eels
  6 howler monkeys
  A lava snake (Lair:5)
  9 crimson imps
  4 hounds
  2 quasits
  4 centaur zombies
  38 orc priests
  10 jellies
  38 orc wizards
  A gnoll shaman (D:10)
  2 bullfrog skeletons
  3 iguanas
  38 worker ants
  A hound zombie (D:6)
  A worker ant zombie (D:7)
  A howler monkey skeleton (D:8)
  14 adders
  2 river rats (Sewer)
  5 shadow imps
  10 oozes
  3 adder skeletons
  10 worms
  2 dart slugs (D:2)
  7 leopard geckos
  178 orcs
  7 bats
  14 giant cockroaches
  8 goblins
  10 hobgoblins
  11 jackals
  10 kobolds
  6 quokkas
  3 ball pythons
  19 frilled lizards
  A quokka skeleton (D:5)
  25 rats
  2 briar patches (Swamp:3)
  A crawling corpse (Elf:3)
  2 fungi
  9 plants
2518 creatures vanquished.

Vanquished Creatures (others)
  A fire giant (Depths:2)
  An ironheart preserver (Vaults:1)
  6 stone giants
  A vampire knight (Depths:2)
  4 yaktaur captains
  2 centaur warriors
  A glowing orange brain (Depths:3)
  A deep elf archer (Vaults:4)
  A wolf spider (Spider:3)
  A cyclops (Vaults:2)
  A spiny frog (Swamp:3)
  8 yaktaurs
  2 humans (Lair:6)
  A boggart (Vaults:3)
  An ogre (Depths:1)
  A bullfrog (Lair:5)
  An orc (Elf:1)
  A briar patch (Swamp:3)
  3 fungi
  24 plants
62 creatures vanquished.

Grand Total: 2580 creatures vanquished

Notes
Turn   | Place    | Note
-------+----------+-------------------------------------------
     0 | D:1      | Oravi the Halfling Hunter began the quest for the Orb.
     0 | D:1      | Reached XP level 1. HP: 14/14 MP: 1/1
   161 | D:1      | Reached XP level 2. HP: 19/19 MP: 2/2
   315 | D:1      | Reached XP level 3. HP: 24/24 MP: 3/3
   888 | D:2      | Reached XP level 4. HP: 23/29 MP: 4/4
  1128 | D:2      | Found a shimmering altar of Xom.
  1128 | D:2      | Found a faded altar of an unknown god.
  1133 | D:2      | Found a sparkling altar of Nemelex Xobeh.
  1135 | D:2      | Found a faded altar of an unknown god.
  1137 | D:2      | Found a blossoming altar of Fedhas.
  1344 | D:2      | Reached XP level 5. HP: 29/35 MP: 5/5
  1731 | D:3      | Reached skill level 1 in Short Blades
  1758 | D:3      | Found an ornate altar of the Wu Jian Council.
  1837 | D:3      | Found a glowing drain.
  1866 | Sewer    | Entered a sewer
  1895 | Sewer    | Reached skill level 1 in Armour
  1949 | Sewer    | Reached XP level 6. HP: 41/41 MP: 6/6
  2898 | D:3      | Found a radiant altar of Vehumet.
  3059 | D:4      | Reached XP level 7. HP: 46/46 MP: 7/7
  3471 | D:4      | Reached skill level 10 in Slings
  3531 | D:4      | Found Beghot's Assorted Antiques.
  3559 | D:4      | Bought a scroll labeled QABARO GOBBALLA for 28 gold pieces
  3559 | D:4      | Bought a scroll labeled CYQAIMM AFUJUYLA for 28 gold pieces
  3862 | D:5      | Entered Level 5 of the Dungeon
  3905 | D:5      | Found Covydgh Wyump's Book Boutique.
  3963 | D:5      | Found a glowing silver altar of Zin.
  3997 | D:5      | Found a white marble altar of Elyvilon.
  4121 | D:5      | Found a staircase to the Ecumenical Temple.
  4131 | Temple   | Entered the Ecumenical Temple
  4269 | D:5      | Found a shadowy altar of Dithmenos.
  4312 | D:5      | Found an iron altar of Okawaru.
  4325 | D:5      | Became a worshipper of Warmaster Okawaru
  4369 | D:5      | Reached XP level 8. HP: 54/54 MP: 8/8
  6320 | D:7      | Reached * piety under Okawaru
  6550 | D:7      | Reached XP level 9. HP: 40/59 MP: 9/9
  6934 | D:7      | Reached skill level 5 in Fighting
  7134 | D:7      | Found a snail-covered altar of Cheibriados.
  7629 | D:8      | Reached skill level 5 in Short Blades
  7872 | D:8      | Reached ** piety under Okawaru
  8510 | D:8      | Noticed Erica
  8546 | D:8      | Killed Erica
  8546 | D:8      | Reached *** piety under Okawaru
  8546 | D:8      | Reached XP level 10. HP: 31/71 MP: 10/10
  9300 | D:8      | Reached skill level 5 in Dodging
  9445 | D:8      | Found a viscous altar of Jiyva.
 10138 | D:9      | Found Hajifurr's Antique Weapon Boutique.
 10200 | D:9      | Found a white marble altar of Elyvilon.
 10235 | D:9      | Noticed a two-headed ogre
 10247 | D:9      | Killed a two-headed ogre
 10247 | D:9      | Reached **** piety under Okawaru
 10247 | D:9      | Received a gift from Okawaru
 10444 | D:9      | Noticed a two-headed ogre
 10469 | D:9      | Killed a two-headed ogre
 10469 | D:9      | Reached XP level 11. HP: 35/78 MP: 11/11
 11317 | D:9      | Found an opulent altar of Gozag.
 11320 | D:9      | Found a sacrificial altar of Ru.
 11323 | D:9      | Found an iron altar of Okawaru.
 11380 | D:10     | Entered Level 10 of the Dungeon
 11711 | D:10     | Reached ***** piety under Okawaru
 11711 | D:10     | Reached skill level 5 in Armour
 12790 | D:10     | Received a gift from Okawaru
 12987 | D:10     | Reached skill level 10 in Fighting
 12994 | D:10     | Reached skill level 1 in Shields
 13304 | D:10     | Reached skill level 1 in Invocations
 13322 | D:10     | Reached skill level 2 in Shields
 13397 | D:10     | Found an opulent altar of Gozag.
 13415 | D:10     | Got a twitching granite ring
 13590 | D:10     | You fall through a shaft for 2 floors!
 13675 | D:12     | Identified the ring "Xietung" {+Fly MR+ Int+3} (You took it off an orc priest on level 10 of the Dungeon)
 13712 | D:11     | Noticed a cyclops
 13754 | D:11     | Killed a cyclops
 13754 | D:11     | Reached XP level 12. HP: 65/87 MP: 10/13
 13815 | D:11     | Reached skill level 10 in Short Blades
 13826 | D:11     | Reached skill level 3 in Shields
 14052 | D:11     | Found a staircase to the Orcish Mines.
 14147 | D:10     | Noticed a two-headed ogre
 14167 | D:10     | Killed a two-headed ogre
 15285 | D:11     | Noticed a two-headed ogre
 15305 | D:11     | Reached skill level 4 in Shields
 15330 | D:11     | Killed a two-headed ogre
 15572 | D:11     | Gained mutation: You have supernaturally acute eyesight. (SInv) [potion of mutation]
 15573 | D:11     | Lost mutation: You have supernaturally acute eyesight. (SInv) [potion of mutation]
 15573 | D:11     | Gained mutation: You are agile. (Dex +2) [potion of mutation]
 15573 | D:11     | Gained mutation: You have sharp toenails. [potion of mutation]
 15794 | D:11     | Found a staircase to the Lair.
 16422 | D:11     | Reached skill level 5 in Shields
 16843 | D:12     | Identified a scroll of acquirement
 16844 | D:12     | Got a bloodstained chain mail
 16855 | D:12     | Identified the +8 chain mail of Inference {rF++ Str+4} (You acquired it on level 12 of the Dungeon)
 16887 | D:12     | Reached skill level 6 in Shields
 17415 | D:13     | Noticed a two-headed ogre
 17418 | D:13     | Noticed a two-headed ogre
 17422 | D:13     | Noticed an ogre mage
 17434 | D:13     | Killed a two-headed ogre
 17459 | D:13     | Killed a two-headed ogre
 17459 | D:13     | Received a gift from Okawaru
 17459 | D:13     | Reached XP level 13. HP: 69/92 MP: 13/16
 17471 | D:13     | Reached skill level 7 in Shields
 17606 | D:13     | Found a gate to the Vaults.
 17632 | D:13     | Reached skill level 5 in Invocations
 17745 | D:13     | Received a gift from Okawaru
 17764 | D:13     | Reached skill level 8 in Shields
 18083 | D:13     | Received a gift from Okawaru
 18307 | D:13     | Reached skill level 9 in Shields
 18701 | D:13     | Received a gift from Okawaru
 18701 | D:13     | Reached skill level 10 in Dodging
 18776 | D:13     | Found a stormy altar of Qazlal.
 19527 | D:14     | Noticed an eight-headed hydra
 19535 | D:14     | Killed an eight-headed hydra
 19836 | D:14     | Received a gift from Okawaru
 19852 | D:14     | HP: 4/92 [meliai/war axe of electrocution (12)]
 19858 | D:14     | HP: 3/92 [efreet/scimitar of flaming (3)]
 21082 | Lair:1   | Entered Level 1 of the Lair of Beasts
 21260 | Lair:1   | Noticed matti1234's ghost (journeyman FoAM)
 21306 | Lair:1   | Received a gift from Okawaru
 22084 | Lair:2   | Received a gift from Okawaru
 22085 | Lair:2   | Got a pair of bloodstained gloves {god gift}
 22096 | Lair:2   | Identified the +0 pair of gloves "Butunomn" {rElec rC+ Str-4 Int+5} (Okawaru gifted it to you on level 2 of the Lair of Beasts)
 22150 | Lair:2   | Reached XP level 14. HP: 99/99 MP: 18/18
 22289 | Lair:2   | Reached skill level 10 in Shields
 22306 | Lair:2   | Found a hole to the Spider Nest.
 22556 | Lair:2   | Reached ****** piety under Okawaru
 23694 | Lair:2   | Found a staircase to the Swamp.
 25899 | Lair:5   | Received a gift from Okawaru
 26257 | Lair:5   | Got a fine ring mail
 26268 | Lair:5   | Identified the +2 ring mail "Yfreturph" {Dex+9} (You found it on level 5 of the Lair of Beasts)
 26694 | Lair:5   | Found a staircase to the Slime Pits.
 26991 | Lair:6   | Entered Level 6 of the Lair of Beasts
 27081 | Lair:6   | Reached XP level 15. HP: 79/106 MP: 15/20
 27756 | Lair:6   | Reached skill level 11 in Shields
 28526 | Lair:6   | Received a gift from Okawaru
 28675 | Lair:6   | Noticed Kirke
 28713 | Lair:6   | Killed Kirke
 28713 | Lair:6   | Received a gift from Okawaru
 31221 | D:14     | Received a gift from Okawaru
 31383 | D:15     | Entered Level 15 of the Dungeon
 31670 | Orc:1    | Entered Level 1 of the Orcish Mines
 31898 | Orc:1    | Reached XP level 16. HP: 89/114 MP: 17/22
 32581 | Orc:2    | Entered Level 2 of the Orcish Mines
 32686 | Orc:2    | Found a roughly hewn altar of Beogh.
 33083 | Orc:2    | Reached skill level 12 in Shields
 33149 | Orc:2    | Noticed Saint Roka
 33577 | Orc:2    | Killed Saint Roka
 33637 | Orc:2    | Found a roughly hewn altar of Beogh.
 33666 | Orc:2    | Found a staircase to the Elven Halls.
 33994 | Orc:2    | Found Ituetuol's Antique Armour Boutique.
 33997 | Orc:2    | Found a roughly hewn altar of Beogh.
 34002 | Orc:2    | Found Zeckod's Antique Weapon Shop.
 34214 | Orc:2    | Found a roughly hewn altar of Beogh.
 34234 | Orc:2    | Found Loisi's Food Boutique.
 34265 | Orc:2    | Found a roughly hewn altar of Beogh.
 34312 | Orc:2    | Found a roughly hewn altar of Beogh.
 34341 | Orc:2    | Found Nyj Zics's Assorted Antiques.
 35417 | D:15     | Received a gift from Okawaru
 35579 | D:15     | Found a shadowy altar of Dithmenos.
 35800 | D:15     | Received a gift from Okawaru
 36292 | D:15     | Found a staircase to the Depths.
 36546 | Swamp:1  | Entered Level 1 of the Swamp
 36641 | Swamp:1  | Reached skill level 10 in Armour
 36666 | Swamp:1  | Received a gift from Okawaru
 38170 | Swamp:1  | Received a gift from Okawaru
 38345 | Swamp:2  | Reached skill level 13 in Shields
 38433 | Swamp:1  | Reached XP level 17. HP: 104/122 MP: 19/23
 38621 | Swamp:2  | Received a gift from Okawaru
 38838 | Swamp:2  | Received a gift from Okawaru
 38839 | Swamp:2  | Noticed a thorn hunter
 38856 | Swamp:2  | Killed a thorn hunter
 39071 | Swamp:2  | Got a slimy shield
 39090 | Swamp:2  | Reached skill level 15 in Slings
 39111 | Swamp:2  | Identified the +0 shield of Miracles {+Inv rF- rCorr Str-3} (You found it on level 2 of the Swamp)
 40722 | Swamp:3  | Noticed a thorn hunter
 40738 | Swamp:3  | Killed a thorn hunter
 41210 | Swamp:2  | Received a gift from Okawaru
 41221 | Swamp:2  | Got a transparent rapier {god gift}
 41222 | Swamp:2  | Identified the +5 rapier "Zuitoipt" {elec, Fragile MR+ SInv} (Okawaru gifted it to you on level 2 of the Swamp)
 42320 | Swamp:2  | Reached skill level 14 in Shields
 43246 | Swamp:4  | Entered Level 4 of the Swamp
 43255 | Swamp:4  | Noticed a thorn hunter
 44070 | Swamp:3  | Reached XP level 18. HP: 116/130 MP: 21/24
 44143 | Swamp:4  | Received a gift from Okawaru
 44269 | Swamp:4  | Received a gift from Okawaru
 44843 | Swamp:4  | Got a decaying rune of Zot
 44878 | Swamp:4  | Reached skill level 15 in Shields
 45291 | Swamp:4  | Noticed Aizul
 45332 | Swamp:4  | Killed Aizul
 45926 | Lair:1   | Killed matti1234's ghost
 46093 | Spider:1 | Entered Level 1 of the Spider Nest
 46629 | Spider:1 | Received a gift from Okawaru
 46630 | Spider:1 | Got a twisted plate armour {god gift}
 46933 | Spider:1 | Got a heavily runed copper ring
 47239 | Spider:1 | You fall through a shaft!
 48284 | Spider:2 | Identified the +10 plate armour "Elunuf" {*Corrode rPois SInv} (Okawaru gifted it to you on level 1 of the Spider Nest)
 49123 | Spider:3 | Noticed Agnes
 49148 | Spider:2 | Killed Agnes
 49469 | Spider:3 | Noticed Arachne
 50224 | Spider:3 | Reached XP level 19. HP: 136/136 MP: 25/25
 50261 | Spider:2 | Killed Arachne
 50261 | Spider:2 | Reached skill level 16 in Shields
 50960 | Spider:4 | Entered Level 4 of the Spider Nest
 51183 | Spider:4 | Identified the ring "Lyqobeh" {rElec rPois MP+9} (You found it on level 1 of the Spider Nest)
 51942 | Spider:4 | Received a gift from Okawaru
 52182 | Spider:4 | Received a gift from Okawaru
 52501 | Spider:4 | Got a smoking granite ring
 53018 | Spider:4 | Received a gift from Okawaru
 53388 | Spider:4 | Got an ancient dagger {god gift}
 53389 | Spider:4 | Identified the +10 dagger of the Kidney {freeze, rPois rN+ MR+} (Okawaru gifted it to you on level 4 of the Spider Nest)
 53884 | Spider:4 | Got a gossamer rune of Zot
 53919 | Spider:4 | Reached skill level 17 in Shields
 54127 | Spider:4 | Identified the ring "Amenn" {*Drain rPois rN+ Str+4 Slay+5} (You found it on level 4 of the Spider Nest)
 54337 | Orc:2    | Bought a pair of embroidered boots for 225 gold pieces
 54403 | Orc:2    | Bought a potion of heal wounds for 95 gold pieces
 54428 | Elf:1    | Entered Level 1 of the Elven Halls
 54801 | Elf:1    | Received a gift from Okawaru
 55180 | Elf:1    | Found Guikhoeg's Distillery.
 55348 | Elf:1    | Reached XP level 20. HP: 133/144 MP: 26/26
 55792 | Elf:1    | Received a gift from Okawaru
 55953 | Elf:1    | Noticed Asterion
 55979 | Elf:1    | Killed Asterion
 55984 | Elf:1    | Received a gift from Okawaru
 56509 | Elf:2    | Found a portal to a secret trove of treasure.
 56540 | Elf:2    | Received a gift from Okawaru
 56634 | Elf:2    | Reached skill level 15 in Fighting
 56972 | Elf:2    | Found a huge runed gate.
 56972 | Elf:2    | Found a huge runed gate.
 56972 | Elf:2    | Found a huge runed gate.
 56972 | Elf:2    | Found a huge runed gate.
 56972 | Elf:2    | Found a huge runed gate.
 57016 | Elf:2    | Received a gift from Okawaru
 57087 | Elf:2    | Received a gift from Okawaru
 57428 | Elf:2    | Received a gift from Okawaru
 57488 | Elf:2    | Received a gift from Okawaru
 57489 | Elf:2    | Got a smoking helmet {god gift}
 57500 | Elf:2    | Identified the +5 helmet "Vuicw" {rElec} (Okawaru gifted it to you on level 2 of the Elven Halls)
 57641 | Elf:3    | Entered Level 3 of the Elven Halls
 58386 | Elf:3    | Reached XP level 21. HP: 152/152 MP: 27/27
 58447 | Elf:3    | Reached skill level 18 in Shields
 59168 | Elf:3    | Received a gift from Okawaru
 59218 | Elf:3    | Noticed a Tzitzimitl
 59226 | Elf:3    | Noticed a Tzitzimitl
 59629 | Elf:3    | Reached skill level 15 in Dodging
 59850 | Elf:3    | Got a warped marble ring
 59851 | Elf:3    | Identified the ring of Counta {rPois Str-4 Dex+9 Slay+3} (You took it off a deep elf death mage on level 3 of the Elven Halls)
 59894 | Elf:3    | Found the +3 crown of Dyrovepreva {rElec Int+2 SInv}
 59914 | Elf:3    | Got a pair of faintly humming boots
 59925 | Elf:3    | Identified the +2 pair of boots of Divine Compulsion {rPois rN+ Str+2 Dex+2} (You found it on level 3 of the Elven Halls)
 59943 | Elf:3    | Identified the Catalogue of Earthen Ice
 60285 | Elf:3    | Got a transparent steel amulet
 60286 | Elf:3    | Identified the amulet "Jirueng" {Harm *Drain rPois MR++} (You took it off a deep elf demonologist on level 3 of the Elven Halls)
 60678 | Elf:3    | Got an ancient scale mail
 60689 | Elf:3    | Identified the +3 scale mail of the New World {rF+ rC- Stlth+} (You took it off a deep elf master archer on level 3 of the Elven Halls)
 60978 | Vaults:1 | Entered Level 1 of the Vaults
 61996 | Vaults:1 | Found Zacwuba's General Store.
 62916 | Vaults:2 | Received a gift from Okawaru
 63129 | Vaults:2 | Reached XP level 22. HP: 148/160 MP: 28/28
 63725 | Vaults:2 | Received a gift from Okawaru
 63725 | Vaults:2 | Reached skill level 19 in Shields
 63873 | Vaults:2 | Paralysed by a sphinx for 6 turns
 64680 | Vaults:3 | Found Nypa's Assorted Antiques.
 65065 | Vaults:3 | Received a gift from Okawaru
 65290 | Vaults:3 | Received a gift from Okawaru
 65402 | Vaults:3 | Found a staircase to the Crypt.
 65404 | Vaults:3 | Reached skill level 15 in Armour
 65771 | Vaults:3 | Received a gift from Okawaru
 65771 | Vaults:3 | Reached XP level 23. HP: 130/167 MP: 29/29
 66174 | Vaults:3 | Received a gift from Okawaru
 66403 | Vaults:4 | Received a gift from Okawaru
 66476 | Vaults:4 | Noticed Mennas
 66567 | Vaults:4 | Killed Mennas
 67097 | Vaults:4 | Received a gift from Okawaru
 67102 | Vaults:4 | Reached skill level 20 in Shields
 67393 | Vaults:4 | Reached skill level 15 in Short Blades
 67956 | Vaults:4 | Found Jyiros's Weapon Emporium.
 68582 | Vaults:5 | Entered Level 5 of the Vaults
 68582 | Vaults:5 | Noticed a golden dragon
 68771 | Depths:1 | Entered Level 1 of the Depths
 68851 | Depths:1 | Reached XP level 24. HP: 175/175 MP: 29/29
 68888 | Depths:1 | Received a gift from Okawaru
 68889 | Depths:1 | Got a fine robe {god gift}
 68900 | Depths:1 | Identified the +4 robe of Okawaru's Condemnation {Str+6} (Okawaru gifted it to you on level 1 of the Depths)
 68938 | Depths:1 | Found a sparkling altar of Nemelex Xobeh.
 69488 | Depths:1 | Found a gateway to Hell.
 70065 | Depths:2 | Reached skill level 21 in Shields
 70320 | Depths:2 | Paralysed by a floating eye for 3 turns
 70330 | Depths:2 | Paralysed by a floating eye for 4 turns
 70952 | Depths:2 | Received a gift from Okawaru
 70955 | Depths:2 | Got a faintly humming shield {god gift}
 70971 | Depths:2 | Identified the +3 shield of Hach {MR+} (Okawaru gifted it to you on level 2 of the Depths)
 71740 | Depths:2 | Got a scorched lead ring
 71742 | Depths:2 | Identified the ring of the Pure People {rElec Str+2 Dex+3} (You found it on level 2 of the Depths)
 71810 | Depths:2 | Reached XP level 25. HP: 170/181 MP: 29/29
 72370 | Depths:2 | Found a one-way gate leading to the halls of Pandemonium.
 73027 | D:11     | Got a steaming hunting sling
 73028 | D:11     | Identified the +10 hunting sling of the Sea {venom, *Drain rN+ MR++} (You acquired it on level 11 of the Dungeon)
 73162 | Depths:3 | Noticed a juggernaut
 73183 | Depths:3 | Killed a juggernaut
 73183 | Depths:3 | Received a gift from Okawaru
 73375 | Depths:3 | Found Achibbol's Demolitions Depot.
 73472 | Depths:3 | Received a gift from Okawaru
 74016 | Depths:3 | Reached skill level 22 in Shields
 74172 | Depths:3 | Noticed a juggernaut
 74549 | Depths:3 | Killed a juggernaut
 75468 | Depths:4 | Found a corrupted altar of Lugonu.
 75473 | Depths:4 | Found a one-way gate to the infinite horrors of the Abyss.
 75547 | Depths:4 | Received a gift from Okawaru
 75550 | Depths:4 | Got a shimmering hunting sling {god gift}
 75615 | Depths:4 | Reached XP level 26. HP: 189/189 MP: 29/29
 76282 | Depths:4 | Received a gift from Okawaru
 76753 | Depths:4 | Found a snail-covered altar of Cheibriados.
 77435 | Depths:3 | Got twisted gold dragon scales
 77686 | Depths:3 | Reached XP level 27. HP: 197/197 MP: 29/29
 77687 | Depths:3 | Identified the +7 hunting sling "Wereom" {velocity, MR+} (Okawaru gifted it to you on level 4 of the Depths)
 78481 | Vaults:4 | Reached skill level 23 in Shields
 78544 | Vaults:5 | Received a gift from Okawaru
 78895 | Vaults:5 | Noticed an ancient lich
 79042 | Vaults:5 | Paralysed by an ancient lich for 3 turns
 79390 | Vaults:5 | Got a bloodstained short sword {god gift}
 79427 | Vaults:5 | Paralysed by an ancient lich for 3 turns
 79437 | Vaults:5 | Killed an ancient lich
 79522 | Vaults:5 | Received a gift from Okawaru
 79581 | Vaults:5 | Received a gift from Okawaru
 79802 | Vaults:4 | Identified the +6 short sword of Distant Worlds {flame, rElec rPois rN+ MR-} (Okawaru gifted it to you on level 5 of the Vaults)
 80382 | Vaults:5 | Identified the Incunabulum of Snow
 80524 | Vaults:5 | Got a slimy turquoise ring
 80649 | Vaults:5 | Got a silver rune of Zot
 81182 | Vaults:5 | Got a shimmering leather armour
 81193 | Vaults:5 | Identified the +0 leather armour "Kaipn" {rPois rN+ MR- Dex+4} (You took it off a tengu reaver on level 5 of the Vaults)
 81205 | Vaults:5 | Identified the ring of Compulsion {*Slow rElec MR+ Stlth+} (You found it on level 5 of the Vaults)
 81234 | Vaults:5 | Got a twitching copper ring
 81464 | D:11     | Identified the ring "Atiusm" {Fire Str+5 Int-5} (You took it off an ironheart preserver on level 5 of the Vaults)
 81699 | Elf:2    | You paid a toll of 18 scrolls of identify to enter a treasure trove
 81700 | Trove    | Entered a treasure trove
 82640 | Depths:5 | Entered Level 5 of the Depths
 83028 | Depths:5 | Found a gateway to a ziggurat.
 83086 | Depths:5 | Received a gift from Okawaru
 83181 | Depths:5 | Found Ywoargh's Weapon Shop.
 83230 | Depths:5 | Received a gift from Okawaru
 83285 | Depths:5 | Got an ancient robe {god gift}
 83331 | Depths:5 | Found a gate to the Realm of Zot.
 83824 | Depths:5 | Identified the +0 robe of Okawaru's Pride {Dex+6} (Okawaru gifted it to you on level 5 of the Depths)
 84172 | Slime:1  | Entered Level 1 of the Pits of Slime
 84311 | Slime:1  | Gained mutation: You occasionally shout uncontrollably at your foes. [a shining eye]
 84601 | Slime:1  | Gained mutation: Your magical capacity is low. (-10% MP) [a shining eye]
 84624 | Lair:5   | Gained mutation: Your spells are a little easier to cast, but a little less powerful. [a shining eye]
 89429 | Slime:5  | Entered Level 5 of the Pits of Slime
 89543 | Slime:4  | Gained mutation: Your flesh is heat resistant. (rF+) [a shining eye]
 89558 | Slime:4  | Received a gift from Okawaru
 90177 | Slime:5  | Found a viscous altar of Jiyva.
 90178 | Slime:5  | Noticed the Royal Jelly
 90241 | Slime:5  | Killed the Royal Jelly
 90255 | Slime:5  | HP: 7/203 [acid[the Royal Jelly] (4)]
 90255 | Slime:5  | Annihilated by an azure jelly

Skill      XL: |  1  2  3  4  5  6  7  8  9 10 11 12 13 14 15 16 17 18 19 20 21 22 23 24 25 26 27 |
---------------+----------------------------------------------------------------------------------+-----
Slings         | 6 7 8 9 10 11 12 13 14 15 16 18 19 20 21 22 | 22.0
Fighting       | 2 3 4 7 8 10 11 12 13 14 15 16 17 18 20 | 20.7
Short Blades   | 1 3 4 6 8 9 11 12 13 14 15 17 | 17.1
Armour         | 1 2 4 5 6 7 9 10 11 12 13 14 15 16 17 19 | 19.6
Dodging        | 4 6 8 9 10 11 12 13 14 15 16 17 18 21 | 21.2
Shields        | 2 6 9 10 11 13 14 15 17 18 19 20 21 22 23 | 23.2
Invocations    | 2 4 6 7 8 |  8.0
Stealth        | |  1.1
Evocations     | |  0.2

Action                   |  1- 3 |  4- 6 |  7- 9 | 10-12 | 13-15 | 16-18 | 19-21 | 22-24 | 25-27 || total
-------------------------+-------+-------+-------+-------+-------+-------+-------+-------+-------++-------
Melee: Short sword       |       |     2 |    10 |       |   102 |   647 |       |       |       ||   761
       Hunting sling     |       |     1 |       |       |       |       |       |       |       ||     1
       Dagger            |       |       |    82 |   780 |   280 |       |       |       |       ||  1142
       Kick              |       |       |       |    68 |       |    46 |       |       |       ||   114
       Rapier            |       |       |       |       |   528 |   603 |   603 |   218 |    74 ||  2026
       Fustibalus        |       |       |       |       |       |       |       |     1 |       ||     1
       Cutlass           |       |       |       |       |       |       |       |       |  1047 ||  1047
 Fire: Hunting sling     |    83 |   300 |   512 |   787 |  1210 |   886 |       |       |       ||  3778
       Fustibalus        |       |       |       |       |       |   624 |  1339 |  1534 |  1627 ||  5124
Invok: Heroism           |       |       |       |    10 |    13 |    21 |    17 |     8 |    20 ||    89
       Finesse           |       |       |       |     1 |     1 |     3 |     1 |       |     8 ||    14
 Abil: Evoke Flight      |       |       |       |     2 |     1 |     2 |     1 |       |     1 ||     7
       Stop Flying       |       |       |       |     1 |       |     1 |       |       |       ||     2
Evoke: Wand              |       |       |       |     5 |     2 |       |       |       |       ||     7
  Use: Scroll            |     1 |     7 |     6 |    11 |    18 |     5 |     8 |     5 |    15 ||    76
       Potion            |       |     2 |     3 |     3 |     4 |     4 |     3 |     9 |    13 ||    41
 Stab: Sleeping          |       |       |       |     2 |       |       |       |       |       ||     2
       Paralysed         |       |       |       |     1 |       |       |       |       |       ||     1
       Petrifying        |       |       |       |       |     1 |       |       |       |       ||     1
       Petrified         |       |       |       |       |     1 |       |       |       |       ||     1
       Confused          |       |       |       |       |       |     1 |       |       |       ||     1
  Eat: Chunk             |       |     6 |    16 |    17 |    28 |    40 |    25 |    25 |    19 ||   176
       Ration            |       |       |       |     3 |     5 |     5 |     4 |       |    11 ||    28
Armor: Leather armour    |     4 |    11 |    44 |    95 |    82 |    84 |     8 |       |       ||   328
       Ring mail         |       |       |       |       |    63 |   107 |   150 |   142 |    74 ||   536
       Skin              |       |       |       |       |     2 |       |       |       |       ||     2
       Swamp dragon scal |       |       |       |       |       |    50 |       |       |       ||    50
       Acid dragon scale |       |       |       |       |       |       |       |       |   108 ||   108
Dodge: Dodged            |     8 |    47 |   131 |   419 |   438 |   890 |   652 |   508 |  1024 ||  4117
Block: Buckler           |       |       |       |    34 |       |       |       |       |       ||    34
       Shield            |       |       |       |   101 |   572 |  1141 |   773 |   847 |  1437 ||  4871
       Reflection        |       |       |       |       |       |       |     5 |    92 |    66 ||   163
